 Dungeon Crawl Stone Soup version 0.28-a0-973-ga7f8b01127 (webtiles) character file.

Game seed: 6079411332154200900

35154 bearlyready the Destroyer (level 13, -2/108 HPs)
             Began as a White Draconian Conjurer on Dec 2, 2021.
             Was a High Priest of Vehumet.
             Slain by a minotaur (17 damage)
             ... in a Gauntlet.
             The game lasted 00:38:25 (17412 turns).

bearlyready the Destroyer (DrCj)                   Turns: 17412, Time: 00:38:25

Health: -2/108     AC: 14    Str: 10    XL:     13   Next: 46%
Magic:  12/23      EV: 12    Int: 24    God:    Vehumet [*****.]
Gold:   725        SH: 10    Dex:  9    Spells: 12/26 levels left

rFire   . . .      SeeInvis .   a - +2 short sword (elec)
rCold   + . .      Faith    .   J - +0 kite shield
rNeg    + . .      Spirit   .   (armour unavailable)
rPois   .          Reflect  .   (helmet restricted)
rElec   +          Harm     .   H - +0 cloak
rCorr   .          Rampage  .   A - +3 pair of gloves of Valiance {rElec Slay+2}
Will    +....      NoTele   +   e - +0 pair of boots
Stlth   ++........              n - amulet of regeneration
HPRegen 1.08/turn               U - ring of willpower
MPRegen 0.18/turn               W - ring of positive energy

@: short of breath
A: breathe frost, AC +8, unfitting armour, cold resistance 1, cold-blooded
a: Breathe Frost, Renounce Religion


You were in a Gauntlet.
You worshipped Vehumet.
Vehumet was extremely pleased with you.
You visited 3 branches of the dungeon, and saw 18 of its levels.
You also visited: Gauntlet.

You collected 915 gold pieces.
You spent 190 gold pieces at shops.

Inventory:

Hand Weapons
 a - a +2 short sword of electrocution (weapon)
 g - a +0 rapier
 j - a +2 dagger of holy wrath
 p - a +2 short sword of venom
 y - a +3 flail of venom
Missiles
 b - 244 stones
 k - 36 poisoned darts (quivered)
 v - 2 curare-tipped darts
 w - 57 sling bullets
 B - 10 boomerangs
 G - 4 throwing nets
Armour
 e - a +0 pair of boots (worn)
 r - a +0 buckler
 A - the +3 pair of gloves of Valiance (worn) {rElec Slay+2}
   (You found it on level 7 of the Dungeon)

   Slay:      It affects your accuracy & damage with ranged weapons and melee
   (+2).
   rElec:     It insulates you from electricity.
 F - a +0 tower shield
 H - a +0 cloak (worn)
 J - a +0 kite shield (worn)
 K - a scarf of repulsion
 X - the -2 cloak of Cuhiukam {Harm Int+2 Stlth+}
   (You found it in a Gauntlet)

   Int:       It affects your intelligence (+2).
   Harm:      It increases damage dealt and taken.
   Stlth:     It makes you more stealthy.
 Y - the +0 hat of Haxesucy {rN+ Will+ Int-5 SInv}
   (You found it in a Gauntlet)

   Int:       It affects your intelligence (-5).
   rN:        It protects you from negative energy.
   SInv:      It lets you see invisible.
   Will:      It increases your willpower.
Magical Staves
 c - a staff of conjuration
Jewellery
 n - an amulet of regeneration (around neck)
 D - an amulet of guardian spirit
 U - a ring of willpower (left hand)
 W - a ring of positive energy (right hand)
Wands
 f - a wand of flame (39)
 h - a wand of digging (7)
 l - a wand of charming (14)
 E - a wand of paralysis (14)
 O - a wand of mindburst (1)
Scrolls
 d - 2 scrolls of magic mapping
 m - 2 scrolls of noise
 s - a scroll of enchant weapon
 L - 2 scrolls of vulnerability
 M - 2 scrolls of fog
 N - a scroll of torment
 S - 2 scrolls of teleportation
 T - a scroll of brand weapon {unknown}
 V - a scroll of immolation {unknown}
Potions
 i - 2 potions of degeneration
 o - a potion of berserk rage {unknown}
 q - a potion of magic
 t - 2 potions of heal wounds
 u - 5 potions of curing
 x - a potion of resistance {unknown}
 z - 2 potions of lignification
 C - a potion of invisibility {unknown}
 I - a potion of might {unknown}
 P - 10 potions of ambrosia
 R - a potion of attraction {unknown}
Miscellaneous
 Q - a condenser vane (inert)


   Skills:
 - Level 8.5 Fighting
 - Level 8.3 Short Blades
 - Level 7.0 Dodging
 - Level 1.7 Stealth
 + Level 9.2 Shields
 - Level 7.0 Spellcasting
 + Level 11.5 Conjurations
 + Level 7.2 Hexes
 - Level 3.0 Translocations
 + Level 3.8 Air Magic
 + Level 5.4 Evocations


You had 12 spell levels left.
You knew the following spells:

 Your Spells              Type           Power      Damage    Failure   Level
a - Magic Dart            Conj           100%       1d8       1%          1
b - Searing Ray           Conj           100%       2d8       1%          2
c - Fulminant Prism       Conj/Hex       26%        3d14      1%          4
e - Iskenderun's Mystic   Conj/Tloc      43%        2d10      2%          4
y - Swiftness             Air            26%        N/A       10%         3

Your spell library contained the following spells:

 Spells                   Type           Power      Damage    Failure   Level
 Freezing Cloud           Conj/Ice/Air   16%        6-21      13%         5
 Dazzling Flash           Conj/Hex       100%       N/A       1%          3
 Stone Arrow              Conj/Erth      72%        3d11      1%          3
 Poisonous Vapours        Pois/Air       34%        N/A       3%          2
 Sandblast                Erth           16%        2d6       4%          1
 Corpse Rot               Necr/Air       34%        N/A       11%         2
 Summon Guardian Golem    Hex/Summ       25%        N/A       11%         3
 Gell's Gravitas          Tloc           22%        N/A       13%         3
 Lesser Beckoning         Tloc           22%        N/A       13%         3
 Teleport Other           Tloc           22%        N/A       13%         3
 Animate Skeleton         Necr           16%        N/A       16%         1
 Pain                     Necr           32%        1d5       16%         1
 Summon Small Mammal      Summ           32%        N/A       16%         1
 Passwall                 Tmut/Erth      6%         N/A       22%         2
 Sublimation of Blood     Necr           8%         N/A       22%         2
 Wereblood                Tmut           8%         N/A       22%         2
 Call Canine Familiar     Summ           8%         N/A       41%         3
 Vampiric Draining        Necr           8%         2d6       41%         3
 Silence                  Hex/Air        17%        N/A       41%         5
 Summon Lightning Spire   Summ/Air       17%        N/A       56%         4
 Agony                    Necr           8%         N/A       99%         5
 Summon Hydra             Summ           4%         N/A       100%        7


Dungeon Overview and Level Annotations

Branches:
Dungeon (11/15)            Temple (1/1) D:6            Lair (6/6) D:10
  Swamp (0/4) Lair:2        Snake (0/4) Lair:2        Slime (0/5) Lair:6
Gauntlet (1/1)
    Orc: D:9-12

Altars:
Ashenzari
Cheibriados
Dithmenos
Elyvilon
Fedhas
Gozag
Hepliaklqana
Kikubaaqudgha
Makhleb
Nemelex Xobeh
Okawaru
Qazlal
Ru
Sif Muna
Trog
Uskayaw
Vehumet
Wu Jian
Xom
Yredelemnul
Zin
The Shining One

Shops:
D:5 !(([

Annotations:
D:10 4 runed translucent doors
D:11 1 runed translucent door Gauntlet 21 runed translucent doors, 6 transporters


Innate Abilities, Weirdness & Mutations

You can breathe waves of freezing cold which knock back foes.
Your icy white scales are hard. (AC +8)
You cannot fit into any form of body armour.
Your flesh is cold resistant. (rC+)
You are cold-blooded and may be slowed by cold attacks.


Message History

Confirm with . or Enter, or press ? or * to list all spells.
Aiming: Searing Ray (safe; 1% risk of failure)
Press: ? - help, Shift-Dir - straight line, f/p - minotaur
Aim: a minotaur, wielding a staff of conjuration, wearing a +0 chain mail and quivering javelins (poison gas, heavily wounded, extremely poisoned, 90% to hit)
The searing ray misses the minotaur. (Press . to maintain the ray.)
The minotaur looks as sick as possible!
The searing ray hits the minotaur but does no damage.
The minotaur is severely wounded.
The minotaur hits you with a staff of conjuration!
The minotaur completely misses you.
The searing ray hits the minotaur.
The minotaur is severely wounded.
The minotaur hits you with a staff of conjuration.
You block the minotaur's attack.
The searing ray hits the minotaur but does no damage.
The minotaur is severely wounded.
You finish channelling your searing ray.
You block the minotaur's attack. The minotaur misses you.
Casting: Searing Ray (safe; 1% risk of failure)
Confirm with . or Enter, or press ? or * to list all spells.
Aiming: Searing Ray (safe; 1% risk of failure)
Press: ? - help, Shift-Dir - straight line, f/p - minotaur
Aim: a minotaur, wielding a staff of conjuration, wearing a +0 chain mail and quivering javelins (severely wounded, extremely poisoned, 90% to hit)
The searing ray hits the minotaur!
The minotaur is almost dead. (Press . to maintain the ray.)
The minotaur hits you with a staff of conjuration!!
* * * LOW HITPOINT WARNING * * *
The minotaur blasts you.
* * * LOW HITPOINT WARNING * * *
The minotaur gores you but does no damage.
Unknown command.
Unknown command.
Press: ? - help, Shift-Dir - straight line, f/p - minotaur
Aim: a minotaur, wielding a staff of conjuration, wearing a +0 chain mail and quivering javelins (almost dead, extremely poisoned)
You exhale a wave of freezing cold.
The freezing breath misses the minotaur.
The minotaur hits you with a staff of conjuration!
You die...

.# .. ### #. #∩#
#.##§# ..#§# .
#.#§# .#
###.##.#H###.##.
#.......@.......
#.##.##.##.##.##
#.##.##.##.##.##
#...............
##.##.##.##.##.#
#.##.##.##.##.###
...............§#
##
.8.8..©.©..8.8.8#
### 8#
..............§≈#
#8#


You could see a minotaur (extremely poisoned).

Vanquished Creatures
  Snorg (Lair:3)
  6 hydras
  4 sixfirhies (Gauntlet)
  A moth of wrath (Gauntlet)
  5 elephants (Lair:3)
  7 black mambas
  9 cane toads
  2 rime drakes (Lair:2)
  4 komodo dragons
  An ice devil (Gauntlet)
  3 polar bears
  A queen bee (Lair:3)
  2 trolls (D:10)
  Grinder (D:5)
  19 blink frogs
  30 yaks
  2 vampires
  3 basilisks
  6 vampire mosquitoes
  Menkaure (D:4)
  4 steam dragons
  3 nagas (Lair:2)
  2 swamp worms (Lair:2)
  An acid dragon (D:10)
  13 water moccasins
  Duvessa (D:5)
  6 orc warriors
  A sky beast (D:7)
  Pargi (D:3)
  A black bear (Lair:2)
  An ogre (D:5)
  14 wolves
  9 centaurs
  A phantom (D:4)
  3 kobold brigands
  Blork the orc (D:6)
  8 bullfrogs
  3 gnoll sergeants
  A wyvern zombie (D:9)
  A water moccasin zombie (D:7)
  Dowan (D:5)
  25 killer bees (Lair:3)
  6 wights
  2 electric eels
  2 jellies (Lair:6)
  2 bullfrog skeletons (D:5)
  A gnoll shaman (D:10)
  5 centaur zombies
  9 orc priests
  A hound (D:5)
  A centaur skeleton (D:7)
  Ijyb (D:4)
  Jessica (D:2)
  Terence (D:2)
  5 orc wizards
  3 iguanas
  A hound zombie (D:5)
  A howler monkey skeleton (D:6)
  10 adders
  18 gnolls
  A shadow imp (D:5)
  2 ufetubi (D:5)
  4 dart slugs
  20 orcs
  4 bats (D:3)
  7 endoplasms
  4 giant cockroaches
  6 goblins
  5 hobgoblins
  3 jackals
  19 kobolds
  4 quokkas
  3 ball pythons
  5 frilled lizards
  4 rats
370 creatures vanquished.

Vanquished Creatures (others)
  112 fulminant prisms
  45 fungi
  121 plants
278 creatures vanquished.

Grand Total: 648 creatures vanquished

Notes
Turn   | Place    | Note
-------+----------+-------------------------------------------
     0 | D:1      | bearlyready the Draconian Conjurer began the quest for the
                  | Orb.
     0 | D:1      | Reached XP level 1. HP: 14/14 MP: 3/3
     6 | D:1      | Noticed a killer bee
     6 | D:1      | Noticed a salamander
     6 | D:1      | Noticed a wyvern
   407 | D:1      | Reached XP level 2. HP: 14/20 MP: 5/5
   908 | D:1      | Reached skill level 1 in Short Blades
  1329 | D:2      | Reached XP level 3. HP: 26/26 MP: 6/6
  1381 | D:2      | Noticed Jessica
  1386 | D:2      | Killed Jessica
  1387 | D:2      | Reached skill level 5 in Conjurations
  1387 | D:2      | Reached XP level 4. HP: 31/33 MP: 7/7
  1393 | D:2      | Learned a level 2 spell: Searing Ray
  1398 | D:2      | Learned a level 4 spell: Fulminant Prism
  1420 | D:2      | Found a faded altar of an unknown god.
  1421 | D:2      | Noticed Terence
  1437 | D:2      | Killed Terence
  2251 | D:3      | Noticed Pargi
  2269 | D:3      | HP: 1/33 [Pargi (4)]
  2289 | D:3      | Killed Pargi
  2290 | D:3      | Reached skill level 1 in Fighting
  2290 | D:3      | Reached skill level 1 in Hexes
  2290 | D:3      | Reached XP level 5. HP: 27/40 MP: 2/8
  2949 | D:4      | Noticed Menkaure
  3110 | D:4      | Killed Menkaure
  3111 | D:4      | Reached XP level 6. HP: 3/48 MP: 9/9
  3681 | D:4      | Your scales start taking on an icy white colour.
  3681 | D:4      | Reached XP level 7. HP: 30/56 MP: 1/10
  3681 | D:4      | Gained mutation: Your flesh is cold resistant. (rC+) [White
                  | Draconian growth]
  3927 | D:4      | Noticed Ijyb
  3947 | D:4      | Killed Ijyb
  3948 | D:4      | Reached skill level 6 in Conjurations
  4219 | D:5      | Entered Level 5 of the Dungeon
  4287 | D:5      | Noticed Grinder
  4295 | D:5      | Killed Grinder
  4619 | D:5      | Found Omodude's Weapon Boutique.
  4633 | D:5      | Reached XP level 8. HP: 61/66 MP: 6/11
  4902 | D:5      | Found Hoocesoa's Distillery.
  4905 | D:5      | Bought a potion of heal wounds for 50 gold pieces
  4905 | D:5      | Bought a potion of heal wounds for 50 gold pieces
  4905 | D:5      | Bought a potion of curing for 30 gold pieces
  4905 | D:5      | Bought a potion of curing for 30 gold pieces
  4905 | D:5      | Bought a potion of lignification for 30 gold pieces
  4967 | D:5      | Found Nowkireehi's Weapon Emporium.
  5007 | D:5      | Found Weimuc's Armour Shop.
  5092 | D:5      | Reached skill level 5 in Short Blades
  5483 | D:5      | Noticed Duvessa
  5484 | D:5      | Noticed Dowan
  5506 | D:5      | Killed Dowan
  5508 | D:5      | Killed Duvessa
  5509 | D:5      | Reached skill level 7 in Conjurations
  5919 | D:6      | Reached skill level 5 in Fighting
  6059 | D:6      | Reached XP level 9. HP: 68/75 MP: 0/12
  6063 | D:6      | Reached skill level 5 in Hexes
  6274 | D:6      | Noticed Blork the orc
  6279 | D:6      | Killed Blork the orc
  6296 | D:6      | Reached skill level 8 in Conjurations
  6476 | D:6      | Found a staircase to the Ecumenical Temple.
  6498 | Temple   | Entered the Ecumenical Temple
  6662 | Temple   | Became a worshipper of Vehumet
  7274 | D:7      | Identified the +3 pair of gloves of Valiance {rElec Slay+2}
  7575 | D:8      | Reached * piety under Vehumet
  7575 | D:8      | Offered knowledge of Freeze by Vehumet.
  7600 | D:8      | Reached XP level 10. HP: 78/86 MP: 5/13
  7637 | D:8      | Reached skill level 1 in Shields
  8352 | D:8      | Reached skill level 9 in Conjurations
  8481 | D:8      | Found a broken altar of Ashenzari.
  8878 | D:8      | Offered knowledge of Foxfire by Vehumet.
  8883 | D:8      | Reached ** piety under Vehumet
  9052 | D:9      | Learned a level 3 spell: Swiftness
  9233 | D:9      | Found a sacrificial altar of Ru.
  9598 | D:10     | Entered Level 10 of the Dungeon
  9772 | D:10     | Reached skill level 1 in Evocations
  9983 | D:10     | Found a staircase to the Lair.
 10005 | D:10     | Found a runed translucent door.
 10009 | D:10     | Offered knowledge of Scorch by Vehumet.
 10056 | D:10     | Found a runed translucent door.
 10070 | D:10     | Found a runed translucent door.
 10083 | D:10     | Found a runed translucent door.
 10278 | D:10     | Noticed a wolf spider
 10278 | D:10     | Found the +7 captain's cutlass {speed, disarm}
 10343 | D:11     | Found a runed translucent door.
 10365 | D:11     | Noticed a four-headed hydra
 10452 | D:10     | Reached XP level 11. HP: 93/95 MP: 16/16
 10482 | D:10     | Learned a level 4 spell: Iskenderun's Mystic Blast
 10533 | D:10     | Reached *** piety under Vehumet
 10786 | D:10     | Noticed a stone giant
 10899 | Lair:1   | Entered Level 1 of the Lair of Beasts
 10925 | Lair:1   | Reached skill level 5 in Shields
 10926 | Lair:1   | Reached skill level 1 in Translocations
 11969 | Lair:2   | Noticed a six-headed hydra
 12055 | Lair:2   | Killed a six-headed hydra
 12145 | Lair:2   | Noticed a seven-headed hydra
 12175 | Lair:2   | Killed a seven-headed hydra
 12312 | Lair:2   | Found a staircase to the Snake Pit.
 12414 | Lair:2   | Noticed a four-headed hydra
 12430 | Lair:2   | Killed a four-headed hydra
 12431 | Lair:2   | Reached skill level 5 in Spellcasting
 12528 | Lair:2   | Reached skill level 5 in Dodging
 12629 | Lair:2   | Offered knowledge of Ignite Poison by Vehumet.
 13136 | Lair:2   | Found a staircase to the Swamp.
 13327 | Lair:2   | Noticed an eight-headed hydra
 13349 | Lair:2   | Killed an eight-headed hydra
 13350 | Lair:2   | Reached XP level 12. HP: 37/103 MP: 1/20
 13765 | Lair:3   | Reached skill level 10 in Conjurations
 13987 | Lair:3   | Reached **** piety under Vehumet
 14043 | Lair:3   | Offered knowledge of Olgreb's Toxic Radiance by Vehumet.
 14071 | Lair:3   | Noticed Snorg
 14084 | Lair:3   | Killed Snorg
 14971 | Lair:4   | Noticed a six-headed hydra
 14971 | Lair:4   | Noticed an eight-headed hydra
 15037 | Lair:4   | Killed a six-headed hydra
 15061 | Lair:4   | Killed an eight-headed hydra
 15267 | Lair:4   | Reached skill level 1 in Air Magic
 15737 | Lair:4   | Identified the +2 ring mail of Iruilan {Str+2 Int+2 Stlth+}
 15840 | Lair:5   | Reached skill level 11 in Conjurations
 16262 | Lair:5   | Reached XP level 13. HP: 62/108 MP: 23/23
 16642 | Lair:6   | Entered Level 6 of the Lair of Beasts
 16767 | Lair:6   | Reached ***** piety under Vehumet
 16767 | Lair:6   | Offered knowledge of Freezing Cloud by Vehumet.
 16902 | Lair:6   | Reached skill level 5 in Evocations
 16914 | Lair:6   | Found a gate leading to a gauntlet.
 16923 | Gauntlet | Entered a Gauntlet
 16923 | Gauntlet | Found a large runed translucent door.
 16923 | Gauntlet | Found a large runed translucent door.
 16923 | Gauntlet | Found a large runed translucent door.
 16923 | Gauntlet | Found a large runed translucent door.
 16923 | Gauntlet | Found a runed translucent door.
 16923 | Gauntlet | Found a large runed translucent door.
 16923 | Gauntlet | Found a large runed translucent door.
 16923 | Gauntlet | Found a transporter.
 16923 | Gauntlet | Found a transporter.
 16923 | Gauntlet | Found a large runed translucent door.
 16923 | Gauntlet | Found a large runed translucent door.
 16923 | Gauntlet | Found a runed translucent gate.
 16923 | Gauntlet | Found a runed translucent gate.
 16923 | Gauntlet | Found a transporter.
 16923 | Gauntlet | Found a transporter.
 16970 | Gauntlet | Found a transporter.
 16970 | Gauntlet | Found a transporter.
 16976 | Gauntlet | Noticed a blizzard demon
 16980 | Gauntlet | Found a transporter.
 16984 | Gauntlet | Found a transporter.
 16996 | Gauntlet | Found a transporter.
 17068 | Gauntlet | Found a runed translucent door.
 17069 | Gauntlet | Found a large runed translucent door.
 17069 | Gauntlet | Found a large runed translucent door.
 17069 | Gauntlet | Found a large runed translucent door.
 17069 | Gauntlet | Found a large runed translucent door.
 17070 | Gauntlet | Found a large runed translucent door.
 17070 | Gauntlet | Found a large runed translucent door.
 17071 | Gauntlet | Found a large runed translucent door.
 17071 | Gauntlet | Found a large runed translucent door.
 17080 | Gauntlet | Found a runed translucent gate.
 17093 | Gauntlet | Noticed a quicksilver ooze
 17096 | Gauntlet | Found a transporter.
 17100 | Gauntlet | Found a transporter.
 17110 | Gauntlet | Found a transporter.
 17226 | Gauntlet | Got the Catalogue of Unholy Companions
 17248 | Gauntlet | Identified the -2 cloak of Cuhiukam {Harm Int+2 Stlth+}
 17333 | Gauntlet | Identified the +0 hat of Haxesucy {rN+ Will+ Int-5 SInv}
 17400 | Gauntlet | Noticed a minotaur
 17412 | Gauntlet | Slain by a minotaur

Illustrated notes

Levels and vault maps discovered:
D:1:      onia_arrival_zoo_common, layout_loops_ring,
          hangedman_decor_clover_reticule
D:2:      layout_basic, chequers_ecumenical_altar_island, serial_bayou_pond_a,
          uniq_jessica, uniq_terence
D:3:      minmay_chambers_of_threes, layout_rooms, uniq_pargi
D:4:      layout_rooms, uniq_ijyb, uniq_menkaure
D:5:      layout_basic, serial_shops, nicolae_shop_bloodbath_and_beyond,
          kennysheep_mini, shop, nicolae_shop_behind_doors, uniq_grinder,
          uniq_duvessa
D:6:      layout_basic, minmay_temple_entry_grid, uniq_blork_the_orc
D:7:      layout_rooms, grunt_ministairs_2, guppyfry_shop_venom
D:8:      layout_cave_pods, ashenzari_conservatory_becter, minmay_fountain_box,
          kennysheep_another_room
D:9:      layout_gridville, nicolae_ru_path_of_blood
D:10:     minmay_the_grid_four_pointed_star
          [minmay_the_grid_triangle_9x9_longest,
          minmay_the_grid_triangle_9x9_flanged_cone,
          minmay_the_grid_triangle_9x9_descending_squares,
          minmay_the_grid_triangle_9x9_odd_lines,
          minmay_the_grid_prize_diamond_cup], layout_grid_maze,
          minmay_statue_crystal_thing
D:11:     cheibrodos_histonic, layout_basic, david_orc_2, uniq_erica
Temple:   regret_index_temple_chain_breaker
Lair:1:   layout_chaotic_city, nicolae_quartered_pool_super
Lair:2:   layout_gridlike, minmay_swamp_entry_worms,
          guppyfry_snake_entry_garden, infiniplex_staircase_pool_2
Lair:3:   layout_roguey [special_room_bee], uniq_snorg
Lair:4:   layout_loops_ring
Lair:5:   layout_regular_city, serial_bayou_shore_b
Lair:6:   minmay_lair_end_frog_pond, layout_regular_city,
          nicolae_slime_entry_slimehenge, gauntlet_entry_generic
Gauntlet: gammafunk_gauntlet_hard_choice [nicolae_gauntlet_arena_flowing_pool,
          minmay_gauntlet_arena_make_your_own_arena,
          gammafunk_gauntlet_arena_corners, nicolae_gauntlet_arena_t_cross,
          gammafunk_gauntlet_arena_crates,
          gammafunk_gauntlet_arena_split_diamond, gauntlet_exit_green]

Skill      XL: |  1  2  3  4  5  6  7  8  9 10 11 12 13 |
---------------+----------------------------------------+-----
Short Blades   | 1 2 3 4 6 7 8 |  8.3
Conjurations   | 5 6 7 8 9 11 | 11.5
Fighting       | 1 2 4 5 7 8 |  8.5
Hexes          | 1 2 3 4 6 7 |  7.2
Shields        | 4 6 8 9 |  9.2
Dodging        | 3 5 7 |  7.0
Evocations     | 2 3 4 5 |  5.4
Spellcasting   | 3 5 7 |  7.0
Translocations | 3 |  3.0
Air Magic      | 1 3 |  3.8
Stealth        | |  1.7

Action                   |  1- 3 |  4- 6 |  7- 9 | 10-12 | 13-15 || total
-------------------------+-------+-------+-------+-------+-------++-------
Melee: Short sword       |    67 |   138 |   242 |   456 |   169 ||  1072
       Unarmed           |    12 |       |       |       |       ||    12
       Tailslap          |     5 |    10 |    16 |    41 |    19 ||    91
       Dagger            |       |    10 |       |       |       ||    10
Throw: Throwing net      |       |     2 |       |     2 |       ||     4
       Dart              |       |     2 |     1 |     1 |     2 ||     6
 Cast: Magic Dart        |     5 |       |       |       |       ||     5
       Searing Ray       |       |     5 |    17 |    36 |    16 ||    74
       Fulminant Prism   |       |       |    15 |    85 |    12 ||   112
       Iskenderun's Myst |       |       |       |    12 |     3 ||    15
       Swiftness         |       |       |       |     2 |     3 ||     5
 Abil: Breathe Frost     |       |       |     5 |    12 |     8 ||    25
Evoke: Wand              |       |     1 |       |    22 |       ||    23
       Condenser vane    |       |       |       |     1 |     1 ||     2
  Use: Potion            |       |     5 |     2 |     2 |     1 ||    10
       Scroll            |       |       |     6 |     4 |     2 ||    12
 Stab: Sleeping          |     2 |     3 |     2 |       |       ||     7
       Held in net/web   |       |     1 |       |       |       ||     1
       Distracted        |       |       |       |     1 |       ||     1
       Paralysed         |       |       |       |     1 |       ||     1
Armor: Skin              |    17 |    79 |   104 |   312 |    75 ||   587
Dodge: Dodged            |    42 |   139 |   169 |   420 |   108 ||   878
Block: Buckler           |       |       |       |   114 |       ||   114
       Kite shield       |       |       |       |     8 |    86 ||    94

Table legend: (Time is in decaauts)
 A = Elapsed time spent in this place.
 B = Non-inter-level travel time spent in this place.
 C = Inter-level travel time spent in this place.
 D = Time resting spent in this place.
 E = Time spent auto-exploring this place.
 F = Levels seen in this place.
 G = Mean time per level.
                   A        B        C        D        E       F      G
               +--------+--------+--------+--------+--------+-----+--------+
         Total |  17241 |  16704 |    537 |    998 |  12300 |  19 |  907.4 |
       Dungeon |  10657 |  10280 |    377 |    786 |   7555 |  11 |  968.8 |
        Temple |    174 |    125 |     49 |      0 |    100 |   1 |  174.0 |
          Lair |   5915 |   5804 |    111 |    149 |   4403 |   6 |  985.8 |
      Gauntlet |    493 |    493 |      0 |     63 |    241 |   1 |  493.0 |
               +--------+--------+--------+--------+--------+-----+--------+

Top non-repeatable levels by time:
  Lair:2: 1890 daAuts
     D:5: 1605 daAuts
     D:8: 1438 daAuts
     D:1: 1327 daAuts
     D:6: 1248 daAuts
    D:10: 1230 daAuts
  Lair:3: 1202 daAuts
     D:4: 1143 daAuts
     D:3: 1055 daAuts
  Lair:1: 943 daAuts
  Lair:5: 883 daAuts
  Lair:4: 827 daAuts
     D:9: 715 daAuts
     D:2: 691 daAuts
Gauntlet: 493 daAuts
